 Dungeon Crawl Stone Soup version 0.26-a0-712-ga5a9c9c9d0 (webtiles) character file.

Game seed: 12920353784162531309

422 kae the Insei (level 6, 0/38 HPs)
             Began as an Octopode Transmuter on Nov 5, 2020.
             Succumbed to an adder's poison
             ... on level 5 of the Dungeon.
             The game lasted 00:03:52 (5569 turns).

kae the Insei (Octopode Transmuter)                 Turns: 5569, Time: 00:03:52

Health: 0/38       AC:  1    Str: 12    XL:     6   Next: 95%
Magic:  10/10      EV: 13    Int: 15    God:
Gold:   178        SH:  0    Dex: 12    Spells: 7/11 levels left

rFire    . . .     SeeInvis .     - Unarmed
rCold    . . .     Faith    .   (no shield)
rNeg     . . .     Spirit   .   (helmet restricted)
rPois    .         Reflect  .   h - amulet of magic regeneration
rElec    .         Harm     .   g - ring of stealth
rCorr    .         Rampage  .   (no ring)
MR       .....                  (no ring)
Stlth    +++.......             (no ring)
HPRegen  0.12/turn              (no ring)
MPRegen  0.37/turn              (no ring)
                                (no ring)
                                (no ring)

@: lethally poisoned (0 -> -1)
A: almost no armour, stealthy swim, amphibious, 8 rings, constrict 8, camouflage
1, blurry vision 1, mutation resistance 1, gelatinous body 1
a: no special abilities


You were on level 5 of the Dungeon.
You visited 1 branch of the dungeon, and saw 5 of its levels.

You collected 178 gold pieces.

Inventory:

Jewellery
 g - a ring of stealth (left tentacle)
 h - an amulet of magic regeneration (around mantle)
 n - an uncursed ring of positive energy {unknown}
Wands
 b - a wand of digging (6)
Scrolls
 a - 3 scrolls of identify
 c - 2 scrolls of immolation
 e - 2 scrolls of teleportation
 j - 2 scrolls of remove curse
Potions
 d - a potion of flight
 f - a potion of stabbing
 l - a potion of might
 m - a potion of haste


   Skills:
 - Level 1.0 Fighting
 - Level 2.0 Dodging
 * Level 5.1 Unarmed Combat
 - Level 3.0 Spellcasting
 * Level 4.5 Transmutations
 - Level 3.0 Poison Magic


You had 7 spell levels left.
You knew the following spells:

 Your Spells              Type           Power        Failure   Level
a - Beastly Appendage     Tmut           ###...       3%          1
b - Spider Form           Tmut/Pois      ##........   13%         3

Your spell library contained the following spells:

 Spells                   Type           Power        Failure   Level
 Wereblood                Tmut           ###.....     4%          2
 Ice Form                 Ice/Tmut       #.......     61%         4
 Blade Hands              Tmut           ###.......   65%         5


Dungeon Overview and Level Annotations

Branches:
Dungeon (5/15)
 Temple: D:4-7

Altars:
Makhleb
Nemelex Xobeh
Qazlal
Sif Muna

Annotations:
D:3 3 runed translucent doors, Finra's ghost, amateur DECj


Innate Abilities, Weirdness & Mutations

You cannot wear most types of armour.
You are very stealthy in the water. (Stealth+)
You are amphibious.
You can wear up to eight rings at the same time.
You can use your tentacles to constrict eight enemies at once.
Your skin changes colour to match your surroundings (Stealth+).
Your rubbery body absorbs attacks. (AC +1, EV +1)
Scrolls take you a little longer to read.
You are somewhat resistant to further mutation.


Message History

Really read with blurry vision while enemies are nearby?
The kobold barely misses you.
You begin reading the scroll.
You continue reading the scroll.
The kobold hits you but does no damage.
The kobold hits you with a +0 short sword.
* * * LOW HITPOINT WARNING * * *
The big kobold hits you with a +0 dagger.
* * * LOW HITPOINT WARNING * * *
The kobold hits you but does no damage.
Press: ? - help, Dir - move target cursor
As you read the scroll of blinking, it crumbles to dust.
Your magical effects are unravelling.
You feel magically purged.
You feel yourself speed up.
* * * LOW HITPOINT WARNING * * *
You feel sick.
The big kobold throws a throwing net.
The throwing net closely misses you.
* * * LOW HITPOINT WARNING * * *
You feel sick.
You die...

######### #.......#
#.......# ###
#.......# #.#
##.......# #.##
#..@.<...# #..#
#..#######
#..####.......##
###...............
#....#..........##
##...............>#
#.....K...........##
#......#...........#
#......(............


You could see a kobold.

Vanquished Creatures
  A bullfrog (D:4)
  A scorpion (D:4)
  2 hounds
  3 orc wizards
  A howler monkey skeleton (D:4)
  6 adders
  A shadow imp (D:5)
  A worm (D:2)
  2 dart slugs
  4 leopard geckos
  12 orcs
  10 bats
  2 giant cockroaches
  4 goblins
  10 hobgoblins
  6 jackals
  3 kobolds
  A quokka (D:2)
  8 frilled lizards
  9 rats
87 creatures vanquished.

Vanquished Creatures (others)
  4 plants (D:5)
4 creatures vanquished.

Grand Total: 91 creatures vanquished

Notes
Turn   | Place    | Note
-------+----------+-------------------------------------------
     0 | D:1      | kae the Octopode Transmuter began the quest for the Orb.
     0 | D:1      | Reached XP level 1. HP: 13/13 MP: 3/3
   915 | D:1      | Reached XP level 2. HP: 18/18 MP: 3/5
  1152 | D:2      | Reached XP level 3. HP: 15/23 MP: 4/6
  1161 | D:2      | Learned a level 3 spell: Spider Form
  1565 | D:2      | Found a stormy altar of Qazlal.
  1987 | D:2      | Reached XP level 4. HP: 23/28 MP: 5/7
  2262 | D:2      | Reached skill level 4 in Unarmed Combat
  2448 | D:3      | Found a runed translucent gate.
  2448 | D:3      | Found a runed translucent gate.
  2448 | D:3      | Found a runed translucent gate.
  2449 | D:3      | Noticed Finra's ghost (amateur DECj)
  2684 | D:3      | Gained mutation: You are somewhat resistant to further
                  | mutation. [potion of mutation]
  2684 | D:3      | Gained mutation: Scrolls take you a little longer to read.
                  | [potion of mutation]
  3064 | D:3      | Reached XP level 5. HP: 33/33 MP: 8/8
  3293 | D:3      | Reached skill level 1 in Poison Magic
  3522 | D:3      | Found a burning altar of Makhleb.
  3716 | D:4      | Reached XP level 6. HP: 18/38 MP: 10/10
  4307 | D:4      | Noticed an ice beast
  4316 | D:4      | HP: 1/38 [orc/+0 trident (11)]
  5146 | D:4      | Found a sparkling altar of Nemelex Xobeh.
  5295 | D:4      | Found a shimmering blue altar of Sif Muna.
  5488 | D:5      | Entered Level 5 of the Dungeon
  5547 | D:5      | Reached skill level 5 in Unarmed Combat
  5561 | D:5      | HP: 1/38 [poisoned by an adder]
  5569 | D:5      | Succumbed to an adder's poison

Illustrated notes

Levels and vault maps discovered:
D:1:      lightli_arrival_windingriver, layout_basic, serial_rivers,
          chequers_serial_rivers_marsh, chequers_serial_rivers_micro_a,
          chequers_serial_rivers_small_a, chequers_serial_rivers_small_b,
          chequers_serial_rivers_small_3, chequers_serial_rivers_small_a
D:2:      layout_basic, nicolae_overflow_crystal_walls, fountainhead,
          minmay_tiny_reverse_x
D:3:      minmay_general_purpose_star, layout_loops_ring,
          makhleb_blood_cavern_becter, ebering_ghost_rock_garden
D:4:      layout_cave_pods, kennysheep_mini, lemuel_blue_sif_altar
D:5:      layout_rooms, serial_shops, shop, lexackson_kobold_supper

Skill      XL: |  1  2  3  4  5  6 |
---------------+-------------------+-----
Transmutations | 3 4 |  4.5
Unarmed Combat | 4 5 |  5.1
Poison Magic   | 2 3 |  3.0
Spellcasting   | 3 |  3.0
Fighting       | |  1.0
Dodging        | |  2.0

Action                   |  1- 3 |  4- 6 || total
-------------------------+-------+-------++-------
Melee: Unarmed           |    76 |   135 ||   211
       Constrict         |    21 |    36 ||    57
       Tentacles         |    10 |    19 ||    29
       Kick              |     9 |    28 ||    37
       Punch             |     4 |     4 ||     8
 Cast: Beastly Appendage |    20 |    28 ||    48
       Spider Form       |       |     1 ||     1
  Use: Scroll            |       |     9 ||     9
       Potion            |       |     5 ||     5
 Stab: Sleeping          |     4 |     7 ||    11
Armor: Skin              |     6 |    12 ||    18
Dodge: Dodged            |    53 |    75 ||   128

Table legend: (Time is in decaauts)
 A = Elapsed time spent in this place.
 B = Non-inter-level travel time spent in this place.
 C = Inter-level travel time spent in this place.
 D = Time resting spent in this place.
 E = Time spent auto-exploring this place.
 F = Levels seen in this place.
 G = Mean time per level.
                   A        B        C        D        E       F      G
               +--------+--------+--------+--------+--------+-----+--------+
         Total |   5556 |   5436 |    120 |   1156 |   3540 |   5 | 1111.2 |
       Dungeon |   5556 |   5436 |    120 |   1156 |   3540 |   5 | 1111.2 |
               +--------+--------+--------+--------+--------+-----+--------+

Top non-repeatable levels by time:
     D:4: 1794 daAuts
     D:2: 1663 daAuts
     D:3: 1021 daAuts
     D:1: 992 daAuts
     D:5: 85 daAuts
